 Dungeon Crawl Stone Soup version 0.31-a0-121-g1e386dd289 (webtiles) character file.

Game seed: 13519950496389058643

2297 erloom the Insei (level 9, -1/71 HPs)
             Began as a Red Draconian Transmuter on May 31, 2023.
             Was a Follower of Okawaru.
             Killed by divine providence
             ... invoked by an orc priest
              (9 damage)
             ... on level 8 of the Dungeon.
             The game lasted 00:15:46 (8054 turns).

erloom the Insei (Red Draconian Transmuter)         Turns: 8054, Time: 00:15:46

Health: -1/71      AC: 10    Str: 12    XL:     9   Next: 17%
Magic:  15/15      EV: 32    Int: 16    God:    Okawaru [*.....]
Gold:   189        SH:  0    Dex: 14    Spells: 6/16 levels left

rFire   + +          .
                       - Unarmed
rCold   . . .        (no shield)
rNeg    . . .        (body armour unavailable)
rPois   .            (helmet restricted)
rElec   .            (no cloak)
rCorr   .            y - +0 pair of gloves
SInv    .            I - +1 pair of boots
Will    .....        x - amulet of the acrobat
Stlth   +            v - ring of protection from fire
HPRegen 0.31/turn    B - +5 ring of evasion
MPRegen 0.14/turn

%: acrobat
@: acrobatic
A: breathe fire, AC +7, unfitting armour, fire resistance 1, cold-blooded
a: Breathe Fire, Renounce Religion, Heroism


You were on level 8 of the Dungeon.
You worshipped Okawaru.
Okawaru was aware of your devotion.
You visited 1 branch of the dungeon, and saw 8 of its levels.
You also visited: Ossuary.

You collected 437 gold pieces.
You spent 248 gold pieces at shops.

Inventory:

Hand Weapons
 i - the +2 sling "Newt's Funeral" {freeze, Int+2 SInv}
   (You found it on level 2 of the Dungeon)

   Int:       It affects your intelligence (+2).
   SInv:      It lets you see invisible.
Armour
 w - an orb of light
 y - a +0 pair of gloves (worn)
 C - a +0 pair of boots
 I - a +1 pair of boots (worn)
Jewellery
 e - a ring of flight
 f - an amulet of reflection
 v - a ring of protection from fire (left hand)
 x - an amulet of the acrobat (around neck)
 B - a +5 ring of evasion (right hand)
Wands
 t - a wand of mindburst (12)
 z - a wand of polymorph (7)
 A - a wand of flame (18)
Scrolls
 a - a scroll of butterflies {unknown}
 d - a scroll of vulnerability {unknown}
 g - 4 scrolls of fog
 h - 4 scrolls of teleportation
 k - 2 scrolls of noise {unknown}
 l - a scroll of enchant armour {unknown}
 m - 2 scrolls of magic mapping {unknown}
 o - a scroll of torment {unknown}
 q - 3 scrolls of enchant weapon
 s - 3 scrolls of silence {unknown}
 E - 2 scrolls of fear {unknown}
Potions
 b - 5 potions of mutation
 c - 3 potions of lignification
 j - 5 potions of curing
 n - a potion of attraction {unknown}
 p - a potion of ambrosia {unknown}
 r - a potion of degeneration {unknown}
 u - a potion of berserk rage {unknown}
 D - a potion of haste {unknown}
 F - a potion of enlightenment {unknown}
 G - a potion of might {unknown}
 H - 2 potions of heal wounds
 J - a potion of resistance {unknown}


   Skills:
 + Level 4.1 Fighting
 - Level 2.0 Dodging
 - Level 7.0 Unarmed Combat
 - Level 4.0 Spellcasting
 - Level 5.1 Transmutations
 + Level 2.9 Ice Magic
 - Level 4.0 Poison Magic
 - Level 4.0 Invocations
 - Level 3.0 Evocations


You had 6 spell levels left.
You knew the following spells:

 Your Spells              Type           Power      Damage    Failure   Level
a - Beastly Appendage     Tmut           38%        N/A       1%          1
b - Spider Form           Tmut/Pois      17%        N/A       8%          3
c - Wereblood             Tmut           19%        N/A       3%          2
d - Ice Form              Ice/Tmut       16%        N/A       32%         4

Your spell library contained the following spells:

 Spells                   Type           Power      Damage    Failure   Level
 Shock                    Conj/Air       12%        1d3       17%         1
 Lesser Beckoning         Tloc           6%         N/A       26%         2
 Gell's Gravitas          Tloc           3%         N/A       45%         3
 Swiftness                Air            3%         N/A       45%         3
 Teleport Other           Tloc           3%         N/A       45%         3
 Volatile Blastmotes      Fire/Tloc      6%         2d10      45%         3
 Airstrike                Air            1%         2d(1-17)  86%         4
 Fulminant Prism          Conj/Hex       1%         3d5       86%         4
 Iskenderun's Mystic Bla  Conj/Tloc      3%         2d3       86%         4
 Lee's Rapid Deconstruct  Erth           1%         3d4*      99%         5


Dungeon Overview and Level Annotations

Branches:
Dungeon (8/15)             Temple (0/1) D:7         Ossuary (visited)
   Lair: D:8-11

Altars:
Fedhas
Kikubaaqudgha
Okawaru
Wu Jian
Zin

Shops:
D:3 !*   D:6 (   D:7 (:!

Annotations:
D:5 1 runed translucent door, senseless's ghost, novice DgGl


Innate Abilities, Weirdness & Mutations

You can breathe blasts of fire.
Your fiery red scales are hard. (AC +7)
You cannot fit into any form of body armour.
Your flesh is heat resistant. (rF+)
You are cold-blooded and may be slowed by cold attacks.


Message History

You're too confused to move!
The orc priest calls down the wrath of Beogh upon you.
Beogh smites you!
* * * LOW HITPOINT WARNING * * *
The orc wizard hits you with a +0 dagger.
* * * LOW HITPOINT WARNING * * *
Something hits you but does no damage.
You closely miss the orc priest.
The orc priest is severely wounded.
The orc priest completely misses you. The orc wizard closely misses you.
Something hits you but does no damage.
Unknown command.
Unknown command.
Okay, then.
You hit the orc priest but do no damage.
The orc priest is severely wounded.
Your primal bloodlust has ended.
The orc priest begins to cast a cantrip, but forgets the words!
The orc wizard barely misses you. Something hits you but does no damage.
Unknown command.
Unknown command.
There are monsters nearby!
Unknown command.
Unknown command.
You barely miss the orc priest.
The orc priest is severely wounded.
An orc wizard appears from thin air!
Reactivating autopickup.
The orc wizard misses you.
The orc priest hits you but does no damage.
The orc wizard casts a spell at you. The magic dart hits you!
* * * LOW HITPOINT WARNING * * *
Unknown command.
The orc wizard attacks as you move away!
The orc wizard hits you but does no damage.
You feel less confused.
The orc priest mumbles some strange prayers to Beogh against you.
Beogh smites you!
You die...

..####.##..###########..#
.......##....<..........#
#.########.########.....#
#.########.# ##...##
#........>.# ##..##.###
#################)........
.................#..####.###
###############..#..........
#.@#o..###.### #.#.o..#
#.##o..# #.##.......
#.##.#.#### #......#
####.### #.# #..


You could see an orc priest and an orc wizard.

Vanquished Creatures
  A hornet (D:7)
  Menkaure (Ossuary)
  4 ice beasts
  A black bear (D:6)
  2 ogres (D:6)
  A centaur (D:6)
  A phantom (D:3)
  4 scorpions
  A bullfrog (D:5)
  3 killer bees (D:7)
  3 howler monkeys
  2 hounds
  A jelly (D:7)
  2 orc priests
  3 sleepcaps
  7 orc wizards
  3 mummies (Ossuary)
  Robin (D:3)
  3 gnolls (D:5)
  3 adders
  A white imp (D:7)
  An ufetubus (D:6)
  A worm (D:3)
  4 dart slugs
  14 orcs
  4 ball pythons
  10 endoplasms
  2 giant cockroaches
  3 gnoll zombies (Ossuary)
  9 goblins
  10 hobgoblins
  4 quokkas
  2 bats
  2 frilled lizards (D:1)
  6 gnoll skeletons (Ossuary)
  6 goblin skeletons (Ossuary)
  6 goblin zombies (Ossuary)
  5 hobgoblin skeletons (Ossuary)
  3 hobgoblin zombies (Ossuary)
  10 kobolds
  3 kobold skeletons (Ossuary)
  5 kobold zombies (Ossuary)
  An orc skeleton (Ossuary)
  6 orc zombies (Ossuary)
  6 rats
  4 rat skeletons (Ossuary)
  2 rat zombies (Ossuary)
177 creatures vanquished.

Notes
Turn   | Place    | Note
-------+----------+-------------------------------------------
     0 | D:1      | erloom the Draconian Transmuter began the quest for the
                  | Orb.
     0 | D:1      | Reached XP level 1. HP: 16/16 MP: 3/3
   141 | D:1      | Reached XP level 2. HP: 23/23 MP: 5/5
   392 | D:1      | Reached skill level 4 in Unarmed Combat
   915 | D:2      | Identified the +2 sling "Newt's Funeral" {freeze, Int+2
                  | SInv}
   973 | D:2      | Reached XP level 3. HP: 28/28 MP: 6/6
  1000 | D:2      | Found a faded altar of an unknown god.
  1533 | D:3      | Noticed a phantom
  1555 | D:3      | Killed a phantom
  1556 | D:3      | Reached skill level 5 in Unarmed Combat
  1556 | D:3      | Reached XP level 4. HP: 19/35 MP: 7/7
  1563 | D:3      | Learned a level 3 spell: Spider Form
  1566 | D:3      | Learned a level 2 spell: Wereblood
  1646 | D:3      | Noticed Robin
  1669 | D:3      | Noticed a scorpion
  1690 | D:3      | Reached XP level 5. HP: 40/40 MP: 8/8
  1707 | D:3      | Reached skill level 1 in Poison Magic
  1711 | D:3      | Killed Robin
  1878 | D:3      | Found an ancient bone altar of Kikubaaqudgha.
  1968 | D:3      | Found Zin's Purification Station.
  1983 | D:3      | Found a glowing silver altar of Zin.
  2000 | D:3      | Found Hysul's Distillery.
  2008 | D:3      | Bought a potion of curing for 30 gold pieces
  2008 | D:3      | Bought a potion of heal wounds for 50 gold pieces
  2111 | D:3      | Found an ornate altar of the Wu Jian Council.
  2581 | D:4      | Found a sand-covered staircase.
  2587 | Ossuary  | Entered an ossuary
  2887 | Ossuary  | Reached XP level 6. HP: 47/47 MP: 7/10
  2940 | Ossuary  | Noticed Menkaure
  2963 | Ossuary  | Killed Menkaure
  4028 | D:5      | Entered Level 5 of the Dungeon
  4029 | D:5      | Noticed an ice beast
  4226 | D:5      | Your scales start taking on a fiery red colour.
  4226 | D:5      | Reached XP level 7. HP: 50/52 MP: 5/12
  4226 | D:5      | Gained mutation: Your flesh is heat resistant. (rF+) [Red
                  | Draconian growth]
  4419 | D:5      | Found a runed translucent door.
  4419 | D:5      | Noticed senseless's ghost (novice DgGl)
  4475 | D:5      | Reached skill level 5 in Transmutations
  4911 | D:5      | Found an iron altar of Okawaru.
  4921 | D:5      | Became a worshipper of Warmaster Okawaru
  4996 | D:6      | Reached skill level 1 in Evocations
  5124 | D:6      | Reached skill level 1 in Invocations
  5270 | D:6      | Reached XP level 8. HP: 57/61 MP: 11/14
  5337 | D:6      | Found a blossoming altar of Fedhas.
  5524 | D:6      | Reached * piety under Okawaru
  5640 | D:6      | Learned a level 4 spell: Ice Form
  5684 | D:6      | Reached skill level 6 in Unarmed Combat
  5881 | D:6      | Found Atoresh's Antique Weapon Boutique.
  5924 | D:6      | Reached skill level 7 in Unarmed Combat
  5929 | D:6      | Reached skill level 1 in Ice Magic
  6144 | D:7      | Noticed a hornet
  6216 | D:7      | Killed a hornet
  6351 | D:7      | Reached XP level 9. HP: 43/69 MP: 15/15
  6539 | D:7      | Found a staircase to the Ecumenical Temple.
  6900 | D:7      | Found Vaten's Distillery.
  6945 | D:7      | Bought a potion of lignification for 36 gold pieces
  6945 | D:7      | Bought a potion of lignification for 36 gold pieces
  6945 | D:7      | Bought a potion of heal wounds for 60 gold pieces
  6945 | D:7      | Bought a potion of curing for 36 gold pieces
  7390 | D:7      | Found Lause's Antique Weapon Boutique.
  7467 | D:7      | Found Zuwna's Book Boutique.
  8054 | D:8      | Killed from afar by an orc priest

Illustrated notes

Levels and vault maps discovered:
D:1:      minmay_arrival_diagonal_passages, layout_basic
D:2:      layout_loops_ring, dreamdust_ecumenical_altar_statues
D:3:      layout_rooms, zin_purify, lemuel_doored_altar,
          nzn_wu_jian_council_hall, serial_shops, nicolae_shop_tiny_waterfront,
          uniq_robin
D:4:      layout_layer_cave, nicolae_ossuary_entry_plus
D:5:      layout_loops_ring, okawaru_altar_gauntlet_db,
          hellmonk_ghost_happy_afterlife
D:6:      layout_basic, fedhas_altar_decomposition, serial_shops, shop,
          chequers_hall_statues_y
D:7:      layout_layer_cave, minmay_temple_entry_mist, serial_shops,
          nicolae_shop_peninsula, shop, nicolae_shop_back_alley_shop
D:8:      layout_loops_ring, gammafunk_ghost_grave

Skill      XL: |  1  2  3  4  5  6  7  8  9 |
---------------+----------------------------+-----
Unarmed Combat | 4 5 7 |  7.0
Spellcasting   | 3 4 |  4.0
Transmutations | 3 4 5 |  5.1
Poison Magic   | 1 2 4 |  4.0
Dodging        | 2 |  2.0
Evocations     | 1 3 |  3.0
Fighting       | 2 3 4 |  4.1
Invocations    | 1 4 |  4.0
Ice Magic      | 2 |  2.9

Action                     |  1- 3 |  4- 6 |  7- 9 || total
---------------------------+-------+-------+-------++-------
  Melee: Unarmed           |   115 |   238 |   299 ||   652
         Tailslap          |    15 |    32 |    36 ||    83
         Punch             |     1 |     6 |    14 ||    21
         Kick              |     2 |    11 |     8 ||    21
         Headbutt          |     1 |     4 |     2 ||     7
   Cast: Beastly Appendage |     2 |     5 |     2 ||     9
         Wereblood         |       |     9 |     7 ||    16
         Spider Form       |       |     2 |     9 ||    11
 Invoke: Heroism           |       |       |     3 ||     3
Ability: Breathe Fire      |       |       |     5 ||     5
         End Transformatio |       |       |     1 ||     1
    Use: Potion            |       |     3 |       ||     3
         Scroll            |       |     4 |       ||     4
   Stab: Sleeping          |       |       |     1 ||     1
 Armour: Skin              |    30 |    56 |    80 ||   166
  Dodge: Dodged            |    64 |   105 |   220 ||   389
  Block: Other             |    11 |    37 |    22 ||    70
         Reflection        |       |       |     2 ||     2

Table legend: (Time is in decaauts)
 A = Elapsed time spent in this place.
 B = Non-inter-level travel time spent in this place.
 C = Inter-level travel time spent in this place.
 D = Time resting spent in this place.
 E = Time spent auto-exploring this place.
 F = Levels seen in this place.
 G = Mean time per level.
                   A        B        C        D        E       F      G
               +--------+--------+--------+--------+--------+-----+--------+
         Total |   7987 |   7805 |    182 |     12 |   5961 |   9 |  887.4 |
       Dungeon |   7427 |   7245 |    182 |     12 |   5750 |   8 |  928.4 |
       Ossuary |    559 |    559 |      0 |      0 |    211 |   1 |  559.0 |
               +--------+--------+--------+--------+--------+-----+--------+

Top non-repeatable levels by time:
     D:7: 1611 daAuts
     D:4: 1270 daAuts
     D:6: 1122 daAuts
     D:5: 891 daAuts
     D:1: 791 daAuts
     D:3: 752 daAuts
     D:2: 660 daAuts
 Ossuary: 559 daAuts
     D:8: 329 daAuts
